 Dungeon Crawl Stone Soup version 0.26-a0-660-gc07710193c (webtiles) character file.

Game seed: 760028131168231651

202348 ringo67 the Imperceptible (level 17, -5/93 HPs)
             Began as a Spriggan Enchanter on Oct 8, 2020.
             Was the Champion of Dithmenos.
             Killed from afar by Nikola (25 damage)
             ... with a chain lightning
             ... on level 4 of the Snake Pit.
             The game lasted 02:13:26 (43303 turns).

ringo67 the Imperceptible (Spriggan Enchanter)     Turns: 43303, Time: 02:13:27

Health: -5/93      AC: 17    Str:  1    XL:     17   Next: 94%
Magic:  24/27      EV: 37    Int: 22    God:    Dithmenos [******]
Gold:   1250       SH: 14    Dex: 24    Spells: 13/28 levels left

rFire    . . .     SeeInvis +   b - +7 short sword of the Forgotten Curses {distort, Int+3}
rCold    . . .     Faith    .   Y - +0 buckler {reflect}
rNeg     . . .     Spirit   .   I - +2 robe {MR+}
rPois    +         Reflect  +   W - +2 hood of the Assassin {Detection Stab+ Stlth++}
rElec    .         Harm     .   F - +2 cloak of the Sparrow {rPois Str-3 Int+3}
rCorr    .         Rampage  .   (gloves unavailable)
MR       +++..                  (boots unavailable)
Stlth    ++++++++++             k - amulet of reflection
HPRegen  0.25/turn              e - +4 ring of protection
MPRegen  0.20/turn              p - +4 ring of protection

@: confusing touch, wreathed by umbra, very quick
A: very small, unfitting armour, see invisible, speed 3
}: 1/15 runes: serpentine
a: Shadow Step, Shadow Form, Renounce Religion


You were on level 4 of the Snake Pit.
You worshipped Dithmenos.
Dithmenos was exalted by your worship.
You visited 5 branches of the dungeon, and saw 28 of its levels.
You also visited: Sewer and Gauntlet.

You collected 2667 gold pieces.
You spent 1417 gold pieces at shops.

Inventory:

Hand Weapons
 b - the +7 short sword of the Forgotten Curses (weapon) {distort, Int+3}
   (You took it off a big kobold on level 5 of the Dungeon)

   It warps and distorts space around it.
   Unwielding it can cause banishment or high damage.
   It affects your intelligence (+3).
Missiles
 f - 4 atropa-tipped darts
 o - 87 poisoned darts (quivered)
 G - 79 sling bullets
Armour
 D - a +0 cloak
 F - the +2 cloak of the Sparrow (worn) {rPois Str-3 Int+3}
   (You found it in a Gauntlet)

   It affects your strength (-3).
   It affects your intelligence (+3).
   It protects you from poison.
 I - a +2 robe of magic resistance (worn)
 W - the +2 hood of the Assassin (worn) {Detection Stab+ Stlth++}
   (You bought it in a shop on level 2 of the Orcish Mines)

   It makes you much more stealthy.
 Y - a +0 buckler of reflection (worn)
Jewellery
 e - a +4 ring of protection (left hand)
 j - an uncursed ring of magical power
 k - an amulet of reflection (around neck)
 p - a +4 ring of protection (right hand)
 H - an uncursed ring of protection from fire
 Z - an uncursed ring of protection from cold
Wands
 a - a wand of disintegration (13)
 i - a wand of flame (103)
 C - a wand of enslavement (31)
 M - a wand of digging (17)
 Q - a wand of polymorph (26)
 S - a wand of iceblast (29)
 T - a wand of acid (17)
 V - a wand of paralysis (14)
Scrolls
 c - 12 scrolls of teleportation
 d - 15 scrolls of remove curse
 g - 2 scrolls of enchant weapon
 q - 5 scrolls of blinking
 r - 8 scrolls of identify
 v - 4 scrolls of amnesia
 y - a scroll of silence
 z - 3 scrolls of fog
 A - 3 scrolls of fear
 E - 5 scrolls of immolation
 K - 4 scrolls of enchant armour
 P - 2 scrolls of magic mapping
Potions
 h - 8 potions of haste
 l - 5 potions of resistance
 m - 4 potions of mutation
 n - 3 potions of might
 s - 5 potions of heal wounds
 u - 3 potions of ambrosia
 w - 4 potions of flight
 x - 5 potions of brilliance
 B - 8 potions of curing
 J - a potion of lignification {unknown}
 L - 7 potions of magic
 N - a potion of invisibility
 X - 3 potions of stabbing
Miscellaneous
 t - a phial of floods
 O - a condenser vane (2/2)


   Skills:
 + Level 12.0 Fighting
 - Level 12.0 Short Blades
 - Level 5.8 Armour
 + Level 18.8 Dodging
 + Level 21.2 Stealth
 - Level 7.2 Shields
 - Level 6.3 Spellcasting
 - Level 15.0 Hexes
 - Level 2.0 Ice Magic
 - Level 7.4 Invocations


You had 13 spell levels left.
You knew the following spells:

 Your Spells              Type           Power        Failure   Level
a - Corona                Hex            ######.      1%          1
b - Ensorcelled Hibernat  Hex/Ice        #####.       1%          2
c - Confusing Touch       Hex            ######..     1%          3
d - Tukima's Dance        Hex            ######..     1%          3
e - Invisibility          Hex            ######..     2%          6

Your spell library contained the following spells:

 Spells                   Type           Power        Failure   Level
 Slow                     Hex            ######..     1%          2
 Dazzling Flash           Conj/Hex       #####.       1%          3
 Fulminant Prism          Conj/Hex       #####.....   4%          4
 Animate Skeleton         Necr           #.....       9%          1
 Apportation              Tloc           #.....       9%          1
 Foxfire                  Conj/Fire      #...         9%          1
 Magic Dart               Conj           #...         9%          1
 Pain                     Necr           #...         9%          1
 Shock                    Conj/Air       #...         9%          1
 Blink                    Tloc           N/A          13%         2
 Call Imp                 Summ           #.......     13%         2
 Poisonous Vapours        Pois/Air       #.....       13%         2
 Searing Ray              Conj           #.....       13%         2
 Swiftness                Air            #.......     13%         2
 Conjure Flame            Conj/Fire      #.......     26%         3
 Gell's Gravitas          Tloc           #.........   26%         3
 Lesser Beckoning         Tloc           #.........   26%         3
 Mephitic Cloud           Conj/Pois/Air  #.......     26%         3
 Static Discharge         Conj/Air       #.......     26%         3
 Vampiric Draining        Necr           #.........   26%         3
 Airstrike                Air            #.........   65%         4
 Animate Dead             Necr           #.........   65%         4
 Iskenderun's Mystic Bla  Conj/Tloc      #.......     65%         4
 Passage of Golubria      Tloc           N/A          65%         4
 Agony                    Necr           #.......     94%         5
 Alistair's Intoxication  Tmut/Pois      #........    94%         5
 Fireball                 Conj/Fire      #.........   94%         5
 Lightning Bolt           Conj/Air       #.........   94%         5
 Freezing Cloud           Conj/Ice/Air   #.........   100%        6
 Iron Shot                Conj/Erth      #.........   100%        6


Dungeon Overview and Level Annotations

Branches:
Dungeon (15/15)            Temple (1/1) D:6            Lair (6/6) D:10
 Shoals (0/4) Lair:4        Snake (4/4) Lair:3        Slime (0/5) Lair:6
    Orc (2/2) D:11            Elf (0/3) Orc:2        Vaults (0/5) D:14
 Depths (0/5) D:15          Sewer (visited)         Gauntlet (visited)

Altars:
Ashenzari
Dithmenos
Elyvilon
Gozag
Hepliaklqana
Kikubaaqudgha
Makhleb
Qazlal
Ru
Sif Muna
Trog
Uskayaw
Vehumet
The Shining One
Beogh

Shops:
D:5 }   D:13 *   Orc:2 *[*}

Portals:
Abyss: D:5
Pandemonium: Orc:2
Trove: D:14 (give 12 potions of heal wounds)

Annotations:
D:5 jasper's ghost, amateur SpVM
D:12 3 runed translucent doors, Plazmod's ghost, journeyman DECj
Lair:3 1 runed translucent door, Nefuv's ghost, journeyman MiBe
Snake:4 Nikola
Abyss:1 Aizul; Vashnia


Innate Abilities, Weirdness & Mutations

You are very small and have problems with some larger weapons.
You are too small for most types of armour.
You have supernaturally acute eyesight. (SInv)
You cover ground extremely quickly.


Message History

Your shadow hits Nikola but does no damage.
You hit Nikola but do no damage.
Nikola is lightly wounded.
Your shadow hits Nikola but does no damage.
You hit Nikola but do no damage.
Nikola is lightly wounded.
Nikola hits you with a +0 rapier of electrocution!
You are electrocuted!
You hit Nikola but do no damage.
Nikola is lightly wounded.
You hit Nikola but do no damage.
Nikola is lightly wounded.
Nikola mumbles some strange words.
You hear a mighty clap of thunder!
The lightning arc hits you!!
The lightning arc hits Nikola!
The lightning arc hits you!!
* * * LOW HITPOINT WARNING * * *
You emit a cloud of dark smoke.
The lightning arc hits Nikola.
The lightning arc hits you!!
You die...

....................##..
.....(.....((........#..
........#.(.............
.#........#.............
...#.........#..........
...##(..⌠....##..#......
.##........#..##.§.....#
##............)#§§.....#
.#..#....(#....#@§.....#
.#..^(.........#§@....##
.#.............#....###
##.............######
#####)([##...########
([.(((.(...((.......#
^(.)[#(......######.#
((####)#.......####.#
.((.[).......#......#


You could see Nikola.

Vanquished Creatures
  Bai Suzhen (Snake:4)
  Jorgrun (Snake:3)
  A nagaraja (Snake:3)
  A juggernaut zombie (D:15)
  Nessos (D:13)
  Snorg (Lair:3)
  The ghost of dracfodder the Fighter, a journeyman GrBe of Trog (Lair:4)
  6 vault guards (D:14)
  Josephine (D:11)
  12 hydras
  6 naga warriors
  A boulder beetle (D:12)
  A ghost crab (Gauntlet)
  Erica (D:8)
  2 catoblepae (Lair:6)
  2 anacondas
  7 two-headed ogres
  5 death yaks (Lair:6)
  6 orc high priests (Orc:2)
  A vampire mage (D:15)
  A deep troll shaman (Lair:6)
  A shock serpent (Snake:3)
  A soul eater (Orc:2)
  9 naga sharpshooters
  A skeletal warrior (D:15)
  A salamander mystic (Snake:2)
  4 unseen horrors
  A gelid demonspawn (Orc:2)
  A torturous demonspawn (Orc:2)
  Pikel (D:7)
  A necromancer (D:15)
  5 orc knights
  5 naga ritualists
  2 mana vipers
  4 orc sorcerers (Orc:2)
  3 ugly things
  2 moths of wrath (Lair:4)
  8 cyclopes
  A deep elf mage (D:14)
  19 elephants
  4 manticores
  An oklob plant (Lair:6)
  4 salamanders
  A guardian serpent (Snake:4)
  18 black mambas
  Joseph (D:7)
  A smoke demon (Orc:2)
  An elf zombie (D:15)
  15 naga magi
  Psyche (D:8)
  3 gargoyles
  12 cane toads
  3 orange demons (D:12)
  3 torpor snails
  A kobold demonologist (D:14)
  13 komodo dragons
  3 centaur skeletons
  2 efreet
  6 trolls
  A hornet (D:11)
  2 meliai (D:14)
  Prince Ribbit (D:8)
  A harpy skeleton (D:15)
  A polar bear (Lair:6)
  15 dream sheep (Lair:6)
  26 blink frogs
  A deep troll zombie (D:15)
  13 slime creatures
  Sigmund (D:5)
  A ynoxinul (Orc:2)
  5 wraiths
  3 wyverns
  6 shadows
  45 yaks
  3 basilisks
  2 fire elementals (Gauntlet)
  5 vampire mosquitoes
  A small abomination (D:5)
  A warg (Orc:2)
  An acid dragon (D:11)
  27 nagas
  10 water moccasins
  Duvessa (D:6)
  A hell hound (Gauntlet)
  3 sky beasts
  3 ice beasts
  27 orc warriors
  5 black bears
  3 necrophages
  2 eyes of draining
  16 ogres
  4 phantoms
  20 wolves
  9 centaurs
  2 lemures (D:7)
  27 bullfrogs
  3 big kobolds
  Blork the orc (D:6)
  A wyvern zombie (D:14)
  A gnoll sergeant (D:9)
  Dowan (D:6)
  A wyvern skeleton (D:9)
  10 scorpions
  6 killer bees
  2 vampire bats (Lair:4)
  6 wights
  4 howler monkeys
  2 electric eels (D:10)
  2 bullfrog zombies
  4 centaur zombies
  2 human zombies (D:15)
  A jelly (D:12)
  9 hounds
  23 orc priests
  Crazy Yiuf (D:6)
  2 human skeletons (D:15)
  4 iguanas
  15 orc wizards
  Natasha (thrice) (D:2)
  8 worker ants
  5 ogre zombies
  A hound skeleton (D:7)
  A mummy (D:15)
  A howler monkey zombie (D:11)
  15 gnolls
  A river rat (Sewer)
  13 adders
  A shadow imp (D:8)
  4 white imps
  An ufetubus (D:10)
  3 adder skeletons
  2 adder zombies
  3 worms
  6 leopard geckos
  54 orcs
  13 bats
  13 giant cockroaches
  7 goblins
  11 hobgoblins
  10 jackals
  22 kobolds
  5 quokkas
  9 ball pythons
  9 frilled lizards
  A goblin skeleton (D:11)
  A goblin zombie (D:11)
  A hobgoblin skeleton (D:11)
  4 hobgoblin zombies (D:11)
  A jackal zombie (D:5)
  A leopard gecko zombie (D:6)
  4 orc skeletons (D:11)
  8 orc zombies
  10 rats
870 creatures vanquished.

Vanquished Creatures (collateral kills)
  3 wights
3 creatures vanquished.

Vanquished Creatures (others)
  3 elephants (Lair:6)
  A naga mage (Snake:4)
  3 dancing weapons
  An orc wizard (Orc:1)
  62 fungi
  69 plants
  5 withered plants (D:15)
144 creatures vanquished.

Grand Total: 1017 creatures vanquished

Notes
Turn   | Place    | Note
-------+----------+-------------------------------------------
     0 | D:1      | ringo67 the Spriggan Enchanter began the quest for the Orb.
     0 | D:1      | Reached XP level 1. HP: 9/9 MP: 5/5
   240 | D:1      | Reached XP level 2. HP: 13/13 MP: 6/6
   244 | D:1      | Learned a level 2 spell: Ensorcelled Hibernation
   260 | D:1      | Reached skill level 5 in Stealth
  1362 | D:1      | Reached XP level 3. HP: 16/16 MP: 5/8
  1924 | D:2      | Reached skill level 6 in Stealth
  2072 | D:2      | Noticed Natasha
  2075 | D:2      | Killed Natasha
  2075 | D:2      | Reached skill level 5 in Hexes
  2075 | D:2      | Reached XP level 4. HP: 21/21 MP: 9/9
  2474 | D:2      | Noticed Natasha
  2480 | D:2      | Killed Natasha
  2623 | D:2      | Reached skill level 7 in Stealth
  2641 | D:2      | Noticed Natasha
  2647 | D:2      | Killed Natasha
  2647 | D:2      | Reached XP level 5. HP: 24/24 MP: 7/10
  2979 | D:2      | Reached skill level 1 in Ice Magic
  3888 | D:3      | Reached skill level 8 in Stealth
  4082 | D:3      | Found a burning altar of Makhleb.
  4082 | D:3      | Found a radiant altar of Vehumet.
  4314 | D:4      | Reached XP level 6. HP: 23/28 MP: 11/11
  4504 | D:4      | Learned a level 3 spell: Confusing Touch
  4778 | D:4      | Noticed an ice beast
  4787 | D:4      | Killed an ice beast
  4787 | D:4      | Reached skill level 9 in Stealth
  4787 | D:4      | Reached XP level 7. HP: 32/32 MP: 12/12
  6471 | D:5      | Entered Level 5 of the Dungeon
  6744 | D:5      | Reached skill level 10 in Stealth
  6798 | D:5      | Reached skill level 1 in Fighting
  6805 | D:5      | Found a transporter.
  6911 | D:5      | Reached XP level 8. HP: 29/37 MP: 13/13
  7080 | D:5      | Learned a level 3 spell: Tukima's Dance
  7109 | D:5      | Found Kien's Gadget Boutique.
  7114 | D:5      | Noticed Sigmund
  7121 | D:5      | Killed Sigmund
  7706 | D:5      | Found a transporter.
  7792 | D:5      | Noticed jasper's ghost (amateur SpVM)
  7949 | D:5      | Found a one-way gate to the infinite horrors of the Abyss.
  7966 | D:5      | Identified the +7 short sword of the Forgotten Curses
                  | {distort, Int+3}
  7989 | D:6      | Noticed Blork the orc
  8009 | D:6      | Killed Blork the orc
  8009 | D:6      | Reached skill level 5 in Dodging
  8069 | D:6      | Found a staircase to the Ecumenical Temple.
  8092 | Temple   | Entered the Ecumenical Temple
  8217 | Temple   | Became a worshipper of Dithmenos the Shadowed
  8359 | D:6      | Found a glowing drain.
  8378 | Sewer    | Entered a sewer
  8562 | Sewer    | Reached * piety under Dithmenos
  8879 | D:6      | Found a stormy altar of Qazlal.
  9029 | D:6      | Reached skill level 11 in Stealth
  9123 | D:6      | Found a runed translucent door.
  9124 | D:6      | Noticed Crazy Yiuf
  9540 | D:6      | Killed Crazy Yiuf
  9724 | D:7      | Found a white marble altar of Elyvilon.
 10008 | D:7      | Reached XP level 9. HP: 44/44 MP: 14/14
 10013 | D:7      | Noticed Duvessa
 10019 | D:7      | Noticed Dowan
 10067 | D:6      | Killed Duvessa
 10072 | D:6      | Killed Dowan
 10291 | D:7      | Noticed Joseph
 10476 | D:7      | HP: 2/44 [Joseph/sling bullet (3)]
 10869 | D:7      | Noticed Pikel
 10971 | D:7      | Killed Pikel
 10971 | D:7      | Reached skill level 5 in Short Blades
 11036 | D:7      | Reached skill level 12 in Stealth
 11292 | D:7      | Killed Joseph
 11566 | D:8      | Noticed a two-headed ogre
 11584 | D:8      | Killed a two-headed ogre
 11584 | D:8      | Reached XP level 10. HP: 49/49 MP: 15/15
 11597 | D:8      | Reached skill level 10 in Hexes
 12071 | D:5      | Reached skill level 13 in Stealth
 12373 | D:8      | Noticed Psyche
 12380 | D:8      | Killed Psyche
 12544 | D:8      | Reached ** piety under Dithmenos
 12573 | D:8      | Noticed Prince Ribbit
 12577 | D:8      | Noticed a two-headed ogre
 12581 | D:8      | Killed Prince Ribbit
 12595 | D:8      | Killed a two-headed ogre
 12595 | D:8      | Reached skill level 10 in Dodging
 12602 | D:8      | Noticed Erica
 12826 | D:8      | Killed Erica
 13392 | D:9      | Found a shimmering blue altar of Sif Muna.
 13612 | D:9      | Reached skill level 14 in Stealth
 13900 | D:9      | Reached XP level 11. HP: 54/54 MP: 16/16
 14300 | D:10     | Entered Level 10 of the Dungeon
 14306 | D:10     | Found a staircase to the Lair.
 14353 | D:10     | Found a stormy altar of Qazlal.
 14539 | D:10     | Noticed an unseen horror
 14544 | D:10     | Killed an unseen horror
 14597 | D:10     | Noticed a two-headed ogre
 14604 | D:10     | Killed a two-headed ogre
 14604 | D:10     | Reached skill level 5 in Fighting
 15241 | D:10     | Reached *** piety under Dithmenos
 15252 | D:10     | Reached skill level 15 in Stealth
 15846 | D:11     | Noticed an unseen horror
 15854 | D:11     | Killed an unseen horror
 15909 | D:11     | Noticed a green ugly thing
 15915 | D:11     | Found a staircase to the Orcish Mines.
 16189 | D:11     | Noticed an unseen horror
 16196 | D:11     | Banished an unseen horror
 16214 | D:11     | Reached **** piety under Dithmenos
 16299 | D:11     | Noticed Josephine
 16300 | D:11     | Reached XP level 12. HP: 61/61 MP: 17/17
 16302 | D:11     | Killed Josephine
 16383 | D:11     | Noticed a two-headed ogre
 16407 | D:11     | Banished a two-headed ogre
 16407 | D:11     | Reached skill level 1 in Shields
 16620 | Lair:1   | Entered Level 1 of the Lair of Beasts
 17291 | Lair:2   | Noticed a four-headed hydra
 17302 | Lair:2   | Killed a four-headed hydra
 17365 | Lair:2   | Learned a level 6 spell: Invisibility
 18686 | Lair:3   | Reached skill level 5 in Shields
 18769 | Lair:3   | Noticed Snorg
 18776 | Lair:3   | Killed Snorg
 18832 | Lair:3   | Found a staircase to the Snake Pit.
 18898 | Lair:3   | Noticed a seven-headed hydra
 18907 | Lair:3   | Killed a seven-headed hydra
 19020 | Lair:3   | Reached skill level 16 in Stealth
 19182 | Lair:3   | Found a runed translucent door.
 19390 | Lair:3   | Noticed Nefuv's ghost (journeyman MiBe)
 19428 | Lair:3   | Reached XP level 13. HP: 41/65 MP: 18/18
 19624 | Lair:3   | Reached ***** piety under Dithmenos
 20312 | Lair:4   | Found a staircase to the Shoals.
 20322 | Lair:4   | Reached skill level 17 in Stealth
 20628 | Lair:4   | Found a transporter.
 20631 | Lair:4   | Noticed dracfodder's ghost (journeyman GrBe)
 20648 | Lair:4   | Found a transporter.
 20691 | Lair:4   | Killed dracfodder's ghost
 21192 | Lair:4   | Reached skill level 1 in Armour
 22944 | Lair:5   | Identified the Volume of Arcane Weapons and the Voyage
 23209 | Lair:6   | Entered Level 6 of the Lair of Beasts
 23433 | Lair:5   | Reached XP level 14. HP: 70/70 MP: 10/19
 23970 | Lair:6   | Reached skill level 10 in Short Blades
 24412 | Lair:6   | Reached ****** piety under Dithmenos
 24529 | Lair:6   | Reached skill level 15 in Dodging
 24700 | Lair:6   | Found a staircase to the Slime Pits.
 25118 | Lair:6   | Reached skill level 5 in Armour
 26517 | Orc:1    | Entered Level 1 of the Orcish Mines
 26562 | Orc:1    | Reached XP level 15. HP: 65/74 MP: 20/20
 27004 | Orc:1    | Reached skill level 1 in Invocations
 27468 | Orc:2    | Entered Level 2 of the Orcish Mines
 27616 | Orc:2    | Found a roughly hewn altar of Beogh.
 27799 | Orc:2    | Found Abucsyt's General Store.
 27800 | Orc:2    | Found Igama's General Store.
 28713 | Orc:2    | Reached skill level 18 in Stealth
 29480 | Orc:2    | Found Pofefepp's Gadget Shop.
 29480 | Orc:2    | Found Sopreus's Antique Armour Boutique.
 29480 | Orc:2    | Found a one-way gate leading to the halls of Pandemonium.
 29567 | Orc:2    | Bought the +2 hood of the Assassin {Detection Stab+
                  | Stlth++} for 1260 gold pieces
 29567 | Orc:2    | Found the +2 hood of the Assassin {Detection Stab+ Stlth++}
 29567 | Orc:2    | Bought a shiny buckler for 157 gold pieces
 29823 | Orc:2    | Found a staircase to the Elven Halls.
 30696 | D:12     | Found a runed translucent gate.
 30696 | D:12     | Found a runed translucent gate.
 30696 | D:12     | Found a runed translucent gate.
 30696 | D:12     | Noticed Plazmod's ghost (journeyman DECj)
 30862 | D:12     | Identified the cursed +1 rapier of the Candelabrum {vorpal,
                  | rN+ Str+4 Stlth+} (You found it on level 12 of the Dungeon)
 31488 | D:13     | Found Hooh's General Store.
 31488 | D:13     | Noticed Nessos
 31495 | D:13     | Killed Nessos
 31518 | D:13     | Found a gate leading to a gauntlet.
 31542 | Gauntlet | Entered a Gauntlet
 31542 | Gauntlet | Found a transporter.
 31542 | Gauntlet | Found a transporter.
 31542 | Gauntlet | Found a transporter.
 31546 | Gauntlet | Found a transporter.
 31547 | Gauntlet | Found a transporter.
 31563 | Gauntlet | Found a transporter.
 31593 | Gauntlet | Identified the ring "Ilexol" {Wiz rPois Str+2 Slay+2}
 31631 | Gauntlet | Found a transporter.
 31645 | Gauntlet | Found a transporter.
 31657 | Gauntlet | Found a transporter.
 31673 | Gauntlet | Found a transporter.
 31689 | Gauntlet | Found a transporter.
 31695 | Gauntlet | Found a transporter.
 31876 | Gauntlet | Got a brightly glowing cloak
 31902 | Gauntlet | Identified the +2 cloak of the Sparrow {rPois Str-3 Int+3}
                  | (You found it in a Gauntlet)
 31922 | Gauntlet | Reached skill level 5 in Invocations
 32251 | D:13     | Reached XP level 16. HP: 82/84 MP: 21/21
 32296 | D:13     | Found an opulent altar of Gozag.
 33024 | D:14     | Found a portal to a secret trove of treasure.
 33246 | D:14     | Found a gate to the Vaults.
 33532 | D:14     | Reached skill level 10 in Fighting
 33865 | D:15     | Entered Level 15 of the Dungeon
 33937 | D:15     | Found a staircase to the Depths.
 34309 | D:15     | Found a broken altar of Ashenzari.
 34546 | D:15     | Found an ancient bone altar of Kikubaaqudgha.
 35010 | Snake:1  | Entered Level 1 of the Snake Pit
 36615 | Snake:2  | Reached skill level 19 in Stealth
 36874 | Snake:2  | You fall into a shaft and drop 1 floor!
 36932 | Snake:3  | Noticed Aizul
 37257 | Snake:3  | Banished Aizul
 37858 | Snake:3  | Noticed Vashnia
 38292 | Snake:3  | Banished Vashnia
 38721 | Snake:3  | Reached XP level 17. HP: 91/91 MP: 22/24
 38882 | Snake:3  | Reached skill level 15 in Hexes
 38888 | Snake:3  | Noticed Jorgrun
 39257 | Snake:3  | Killed Jorgrun
 39554 | Snake:3  | Reached skill level 5 in Spellcasting
 39754 | Snake:4  | Entered Level 4 of the Snake Pit
 40013 | Snake:4  | Reached skill level 20 in Stealth
 40587 | Snake:4  | Noticed Bai Suzhen
 40594 | Snake:4  | Killed Bai Suzhen
 42300 | Snake:4  | Reached skill level 21 in Stealth
 42621 | Snake:4  | Noticed Nikola
 43279 | Snake:4  | Got a serpentine rune of Zot
 43303 | Snake:4  | Killed from afar by Nikola

Illustrated notes

Levels and vault maps discovered:
D:1:      tarquinn_simple_flora_water_d, layout_loops_cross
D:2:      layout_loops_corners, uniq_natasha
D:3:      layout_basic, grunt_temple_overflow_lords_of_destruction
D:4:      layout_basic
D:5:      layout_basic, serial_shops, shop, gammafunk_ghost_abyssal_escape,
          due_unseen_surprise, uniq_sigmund
D:6:      layout_loops_cross, kennysheep_little_box, minmay_temple_entry_glass,
          gup_sewer_entry_pipe, minmay_misc_feat_secret_circle,
          uniq_crazy_yiuf_cottage, uniq_blork_the_orc
D:7:      layout_layer_cave, basic_altar, uniq_duvessa, uniq_pikel, uniq_joseph
D:8:      layout_loops_corners, eino_tiny_chamber, minmay_between, uniq_psyche,
          uniq_erica, uniq_prince_ribbit1
D:9:      layout_gridville, nicolae_overflow_crystal_walls
D:10:     layout_irregular_city, erik_lair_island,
          nicolae_qazlal_general_emergency
D:11:     layout_rooms, zombieorc1_lemuel, uniq_josephine
D:12:     layout_roguey, gammafunk_ghost_spectres, einodemon_barbed_minivault
D:13:     layout_roguey, gauntlet_entry_generic, serial_shops, shop,
          minivault_19, nicolae_gozag_cash_rules_everything_around_me,
          uniq_nessos
D:14:     layout_basic, erik_vaults_2, enter_trove_2,
          chequers_serial_rivers_marsh
D:15:     gammafunk_depths_entry_grave, layout_loops_ring,
          evilmike_ruin_ashenzari, lemuel_mausoleum_altar_kikubaaqudgha
Temple:   dpeg_five_rooms_temple
Lair:1:   statuecave_lemuel, layout_gridlike, infiniplex_staircase_pool_2
Lair:2:   layout_long_grid, beast_lair_carwin_5
Lair:3:   layout_chaotic_city, dummy_snake_entry, ebering_ghost_inner_flame,
          uniq_snorg
Lair:4:   layout_loops_ring, minmay_shoals_entry_centaurs,
          gammafunk_ghost_berserking_beasts, roderic_batcave, grunt_megastairs_3
Lair:5:   layout_regular_city, serial_bayou_shore_b, grunt_megastairs_1,
          serial_bayou_shore_b
Lair:6:   grunt_lair_end_beastmaster, layout_long_grid, minmay_slime_entry_eyes,
          grunt_megastairs_4
Snake:1:  layout_misc_corridors
Snake:2:  layout_concentric_octagons
Snake:3:  layout_rooms, uniq_aizul, uniq_vashnia, uniq_jorgrun
Snake:4:  snake_pit, layout_basic, grunt_megastairs_5, uniq_bai_suzhen,
          uniq_nikola
Orc:1:    layout_caves
Orc:2:    pf_orc_diabolical, layout_diamond_mine, basic_altar,
          nicolae_orc_bridge_out, nicolae_orc_rockfall

Skill      XL: |  1  2  3  4  5  6  7  8  9 10 11 12 13 14 15 16 17 |
---------------+----------------------------------------------------+-----
Hexes          | 4 5 6 7 8 9 11 12 13 14 15 | 15.0
Stealth        | 5 6 7 8 9 10 11 12 14 15 16 17 18 19 21 | 21.2
Ice Magic      | 1 2 |  2.0
Short Blades   | 2 3 4 6 7 8 9 11 12 | 12.0
Fighting       | 1 3 4 6 9 10 12 | 12.0
Dodging        | 4 6 8 10 12 14 16 17 18 | 18.8
Shields        | 5 7 |  7.2
Armour         | 3 5 |  5.8
Invocations    | 5 7 |  7.4
Spellcasting   | 4 6 |  6.3

Action                   |  1- 3 |  4- 6 |  7- 9 | 10-12 | 13-15 | 16-18 || total
-------------------------+-------+-------+-------+-------+-------+-------++-------
Melee: Dagger            |    72 |   181 |   260 |    25 |       |       ||   538
       Short sword       |       |       |       |   379 |  1020 |   940 ||  2339
Throw: Dart              |       |     4 |     4 |    16 |    11 |     1 ||    36
 Cast: Corona            |     3 |     1 |     2 |     1 |     1 |       ||     8
       Ensorcelled Hiber |    29 |    64 |    87 |    93 |   304 |    51 ||   628
       Confusing Touch   |       |       |     7 |     7 |     6 |     6 ||    26
       Tukima's Dance    |       |       |     6 |     3 |       |       ||     9
       Invisibility      |       |       |       |       |     2 |     2 ||     4
Invok: Shadow Step       |       |       |       |       |       |     3 ||     3
  Use: Scroll            |       |       |    11 |    17 |     7 |     5 ||    40
       Potion            |       |       |       |       |       |     5 ||     5
 Stab: Sleeping          |    26 |    43 |    60 |    99 |   180 |    86 ||   494
       Confused          |       |       |     8 |     7 |     5 |     4 ||    24
       Distracted        |       |       |     3 |     5 |    21 |    11 ||    40
       Petrifying        |       |       |       |       |     1 |       ||     1
       Petrified         |       |       |       |       |     1 |       ||     1
       Invisible         |       |       |       |       |     8 |     1 ||     9
Armor: Robe              |     3 |    28 |    28 |    13 |       |    29 ||   101
       Troll leather arm |       |       |       |       |    79 |    16 ||    95
Dodge: Dodged            |    56 |   141 |   167 |   285 |   750 |   438 ||  1837
Block: Other             |       |       |    55 |    58 |    48 |       ||   161
       Reflection        |       |       |     2 |     1 |    12 |    67 ||    82
       Buckler           |       |       |       |       |   389 |   333 ||   722

Table legend: (Time is in decaauts)
 A = Elapsed time spent in this place.
 B = Non-inter-level travel time spent in this place.
 C = Inter-level travel time spent in this place.
 D = Time resting spent in this place.
 E = Time spent auto-exploring this place.
 F = Levels seen in this place.
 G = Mean time per level.
                   A        B        C        D        E       F      G
               +--------+--------+--------+--------+--------+-----+--------+
         Total |  33589 |  32698 |    891 |  13492 |  11006 |  30 | 1119.6 |
       Dungeon |  15653 |  15195 |    458 |   5140 |   6423 |  15 | 1043.5 |
        Temple |    130 |    100 |     30 |      0 |     92 |   1 |  130.0 |
          Lair |   7797 |   7562 |    235 |   3071 |   2516 |   6 | 1299.5 |
     Snake Pit |   6720 |   6663 |     57 |   4126 |   1250 |   4 | 1680.0 |
  Orcish Mines |   2750 |   2641 |    109 |   1144 |    622 |   2 | 1375.0 |
         Sewer |    273 |    273 |      0 |      0 |    100 |   1 |  273.0 |
      Gauntlet |    263 |    263 |      0 |      9 |      0 |   1 |  263.0 |
               +--------+--------+--------+--------+--------+-----+--------+

Top non-repeatable levels by time:
 Snake:3: 2546 daAuts
   Orc:2: 2118 daAuts
  Lair:6: 2098 daAuts
 Snake:4: 1760 daAuts
     D:4: 1759 daAuts
  Lair:4: 1700 daAuts
     D:1: 1523 daAuts
 Snake:2: 1499 daAuts
  Lair:5: 1353 daAuts
     D:5: 1342 daAuts
     D:6: 1251 daAuts
    D:10: 1243 daAuts
     D:7: 1117 daAuts
     D:2: 1044 daAuts
  Lair:3: 1036 daAuts
